 Dungeon Crawl Stone Soup version 0.31.0-4-g52a2dc7128 (webtiles) character file.

Game seed: 10062962313557113772

4 Chiseanne the Firebug (level 1, 0/14 HPs)
             Began as a Demonspawn Wanderer on Jan 21, 2024.
             Frozen to death by an endoplasm (3 damage)
             ... on level 1 of the Dungeon.
             The game lasted 00:00:43 (470 turns).

Chiseanne the Firebug (Demonspawn Wanderer)          Turns: 470, Time: 00:00:43

Health: 0/14       AC:  9    Str: 10    XL:     1   Next: 50%
Magic:  2/2        EV:  5    Int: 13    God:
Gold:   0          SH:  0    Dex: 13    Spells: 1/2 levels left

rFire   . . .        a - +0 club
rCold   . . .        (no shield)
rNeg    . . .        d - +0 chain mail
rPois   .            (no helmet)
rElec   .            (no cloak)
rCorr   .            (no gloves)
SInv    .            (no boots)
Will    .....        (no amulet) Stlth
                     (no ring)
HPRegen 0.22/turn    (no ring)
MPRegen 0.08/turn

%: no passive effects
@: no status effects
A: no striking features
a: no special abilities


You were on level 1 of the Dungeon.
You visited 1 branch of the dungeon, and saw 1 of its levels.

Inventory:

Hand Weapons
 a - a +0 club (weapon)
Missiles
 f - 7 stones
Armour
 d - a +0 chain mail (worn)
Potions
 b - a potion of lignification
 c - a potion of might
 e - a potion of curing {unknown}


   Skills:
 * Level 0.3 Fighting
 - Level 1.0 Throwing
 * Level 2.7 Armour
 * Level 0.2 Dodging
 - Level 1.0 Spellcasting
 - Level 3.6 Fire Magic
 - Level 1.2 Invocations


You had one spell level left.
You knew the following spells:

 Your Spells              Type           Power      Damage    Failure   Level
a - Foxfire               Conj/Fire      20%        2x1d5     99%         1

Your spell library contained the following spells:

 Spells                   Type           Power      Damage    Failure   Level
 Volatile Blastmotes      Fire/Tloc      10%        2d10      100%        3


Dungeon Overview and Level Annotations

Branches:
Dungeon (1/15)

Altars:


Message History

The endoplasm hits you but does no damage. x2
You hit the endoplasm but do no damage.
The endoplasm is moderately wounded.
The endoplasm freezes you.
You are frozen.
You are too injured to fight recklessly!
You are too injured to fight recklessly!
You are too injured to fight recklessly!
You are too injured to fight recklessly!
You are too injured to fight recklessly!
You are too injured to fight recklessly!
You are too injured to fight recklessly!
You are too injured to fight recklessly!
You are too injured to fight recklessly!
You are too injured to fight recklessly!
You are too injured to fight recklessly!
You are too injured to fight recklessly!
An endoplasm is nearby!
You hit the endoplasm but do no damage.
The endoplasm is moderately wounded.
The endoplasm freezes you.
You are frozen.
You hit the endoplasm.
The endoplasm is heavily wounded.
The endoplasm hits you.
* * * LOW HITPOINT WARNING * * *
The endoplasm freezes you.
You are frozen.
* * * LOW HITPOINT WARNING * * *
You hit the endoplasm but do no damage.
The endoplasm is heavily wounded.
The endoplasm hits you but does no damage.
You barely miss the endoplasm.
The endoplasm is moderately wounded.
The endoplasm hits you but does no damage.
You hit the endoplasm but do no damage.
The endoplasm is moderately wounded.
The endoplasm freezes you.
You are frozen.
You die...

###############
#.............#
#.###########.#
#.###########.#
#.#......J@...#
#######.#.########..#
.....##.# #..#
.....##.#.# ...#
.....##.#.# ###.#
.....##.#.# #.#
.....##.#.# #.#
..........# ..
###.......#####


You could see an endoplasm.

Vanquished Creatures
  A hobgoblin (D:1)
  A ball python (D:1)
  A bat (D:1)
  A kobold (D:1)
  A rat (D:1)
5 creatures vanquished.

Notes
Turn   | Place    | Note
-------+----------+-------------------------------------------
     0 | D:1      | Chiseanne the Demonspawn Wanderer began the quest for the
                  | Orb.
     0 | D:1      | Chiseanne set off with the following items: a +0 dagger, a
                  | potion of lignification, a potion of might, a +0 chain
                  | mail; and the following spell memorised: Foxfire; and the
                  | following spells available to memorise: Volatile
                  | Blastmotes.
     0 | D:1      | Reached XP level 1. HP: 13/13 MP: 2/2
   470 | D:1      | Frozen to death by an endoplasm

Illustrated notes

Levels and vault maps discovered:
D:1:      kennysheep_arrival_forest, layout_basic, grunt_decor_clamped

Action                     || total
---------------------------++-------
  Melee: Club              ||    25
         Dagger            ||     5
 Armour: Chain mail        ||    34
  Dodge: Dodged            ||     8
